Map: Whispers of Gold

Players

SZNightMare (NightMare) - Winner!

  • Race: Protoss Protoss
  • Spawn Location: 5:00

BattleB

  • Race: Terran Terran
  • League: Grandmaster
  • Spawn Location: 9:00

Event: HomeStory Cup XXVI

VOD

Have the link to the VOD?

Description

Time

  • Played on: Nov. 29, 2024, 7:33 a.m.
  • Length: 12:40

All games in this series

Show
View Real Time Build Order
Export as new Build Order

SZNightMare Protoss - Winner!

Build Orders: 1 Gate Expand, Blink Stalkers 

Get SALT Encoding   

  12  0:00  Probe  
  13  0:12  Probe  
  14  0:17  Pylon  
  14  0:24  Probe  
  15  0:33  Probe  
  15  0:38  Gateway  
  15  0:41  Probe  
  16  0:49  Assimilator  
  17  0:50  Probe  
  18  1:03  Probe  
  19  1:15  Probe  
  20  1:26  Cybernetics Core  
  20  1:27  Probe  
  21  1:40  Nexus  
  21  1:47  Pylon  
  21  1:48  Probe  
  22  1:55  Assimilator, Adept  
  22  2:00  Probe  
  23  2:05  Warp Gate  
  25  2:13  Probe  
  26  2:25  Probe  
  26  2:29  Blink, Twilight Council  
  27  2:32  Stalker  
  29  2:37  Probe  
  30  2:47  Gateway  
  30  2:49  Probe  
  31  2:53  Probe  
  32  3:01  Probe  
  32  3:05  Probe  
  34  3:13  Probe  
  34  3:17  Probe  
  34  3:19  Gateway  
  36  3:29  Probe x2  
  36  3:34  Stalker  
  36  3:37  Robotics Facility  
  36  3:38  Stalker  
  38  3:43  Probe  
  38  3:45  Probe  
  40  3:56  Probe  
  40  3:57  Probe, Pylon  
  42  4:04  Gateway  
  42  4:08  Probe  
  42  4:09  Probe  
  44  4:15  Stalker x2  
  48  4:20  Probe  
  48  4:21  Probe  
  50  4:25  Stalker  
  50  4:26  Pylon  
  52  4:32  Probe  
  52  4:33  Probe  
  54  4:39  Assimilator  
  54  4:40  Assimilator  
  54  4:43  Observer, Pylon  
  56  4:45  Probe  
  56  4:46  Probe  
  57  4:56  Pylon  
  57  5:00  Charge, Probe x2  
  59  5:08  Gateway, Templar Archives  
  59  5:11  Gateway x2  
  59  5:19  Pylon  
  59  5:24  Observer  
  59  5:27  Psionic Storm  
  59  5:28  Observer  
  59  5:30  Nexus  
  59  5:48  High Templar  
  59  5:49  Zealot x3  
  67  5:50  Pylon  
  67  5:52  Pylon  
  67  5:55  Probe  
  68  6:02  Probe  
  69  6:07  Zealot x2, High Templar, Probe  
  74  6:15  Probe  
  73  6:19  Probe  
  73  6:20  Zealot x2, High Templar  
  73  6:24  Pylon  
  76  6:27  High Templar  
  76  6:29  Zealot x2  
  82  6:36  Probe x2  
  84  6:43  Warp Prism  
  84  6:45  Zealot x3  
  90  6:48  Probe x3  
  95  7:05  Zealot x4  
  95  7:06  High Templar  
  105  7:08  Zealot  
  105  7:12  Stalker  
  109  7:20  Pylon  
  109  7:21  Probe x3  
  108  7:22  Pylon  
  108  7:26  Stalker x2  
  112  7:32  Stalker x2  
  112  7:35  Stalker  
  118  7:38  Zealot  
  118  7:39  High Templar, Probe  
  118  7:42  Pylon  
  123  7:50  Probe  
  124  7:58  Observer, High Templar  
  127  7:59  Forge  
  127  8:04  High Templar  
  129  8:11  Stalker  
  129  8:12  Stalker x2, Nexus  
  135  8:14  Pylon  
  135  8:15  Zealot x2  
  137  8:28  Probe x3  
  137  8:32  Pylon  
  140  8:38  Protoss Ground Weapons Level 1  
  114  8:50  Zealot x7  
  128  8:58  Probe x3  
  128  9:00  Observer  
  131  9:04  Observer  
  131  9:08  Robotics Bay  
  130  9:10  Gateway, Robotics Facility  
  130  9:12  Gateway  
  130  9:14  Gateway, Zealot x5  
  141  9:19  Probe x3  
  112  9:40  Zealot x7  
  114  9:54  Extended Thermal Lance, Forge  
  114  9:55  Gateway  
  114  10:00  High Templar  
  114  10:01  Zealot x6  
  114  10:05  Observer  
  128  10:11  Colossus x2  
  128  10:14  Observer  
  128  10:15  Nexus  
  124  10:22  Pylon  
  135  10:29  Zealot x5, High Templar  
  141  10:41  Zealot x4  
  131  10:52  Stalker x6  
  131  10:54  Shield Battery  
  139  11:13  Zealot x5  
  139  11:15  Stalker x4  
  139  11:17  High Templar  
  159  11:19  Stalker  
  159  11:35  Stalker x3  
  159  11:36  Stalker x2  
  169  11:40  Zealot x4  
  177  11:53  Stalker x2  
  161  12:03  Stalker x3  
  161  12:04  Stalker  
  161  12:06  Zealot x4  
  175  12:16  Cybernetics Core  
  175  12:27  Zealot x6, High Templar  
Show
View Real Time Build Order
Export as new Build Order

BattleB Terran 

Build Orders: Reaper Expand 

Get SALT Encoding   

  12  0:00  SCV  
  13  0:12  SCV  
  14  0:17  Supply Depot  
  14  0:25  SCV  
  15  0:38  SCV  
  15  0:40  Barracks  
  16  0:45  Refinery  
  16  0:51  SCV  
  17  1:03  SCV  
  18  1:15  SCV  
  19  1:27  Reaper  
  19  1:28  Orbital Command  
  20  1:45  Command Center  
  20  1:51  Supply Depot  
  20  1:55  SCV  
  20  1:59  Marine  
  22  2:07  SCV  
  23  2:10  Factory  
  23  2:19  SCV  
  23  2:20  Bunker  
  24  2:23  Marine  
  25  2:33  Barracks  
  25  2:34  SCV  
  26  2:40  Refinery  
  26  2:42  Barracks Reactor  
  26  2:46  SCV  
  27  2:55  Factory Tech Lab  
  28  2:58  SCV  
  28  2:59  Orbital Command  
  28  3:10  SCV  
  29  3:13  Siege Tank  
  29  3:19  Marine x2  
  34  3:22  SCV  
  34  3:25  Barracks Tech Lab  
  35  3:29  SCV  
  35  3:33  Supply Depot  
  35  3:34  SCV  
  35  3:37  Marine x2  
  38  3:44  Marine  
  38  3:45  Stimpack  
  38  3:46  SCV  
  38  3:47  SCV  
  41  3:53  Barracks  
  41  3:56  Marine  
  41  3:57  Marine  
  41  3:59  Siege Tank  
  41  4:01  SCV  
  47  4:03  SCV  
  47  4:06  Supply Depot  
  47  4:09  Marine  
  49  4:13  SCV  
  49  4:14  Marine x2  
  49  4:16  SCV  
  52  4:25  SCV  
  52  4:28  Supply Depot  
  52  4:29  SCV, Marauder  
  56  4:32  Marine x2  
  56  4:36  Engineering Bay  
  56  4:38  SCV  
  59  4:41  SCV  
  59  4:43  Factory Reactor  
  59  4:45  Starport  
  60  4:46  Refinery  
  60  4:49  Marine  
  60  4:50  Marine x3  
  60  4:52  SCV  
  65  4:53  SCV  
  65  4:56  Combat Shield  
  66  5:01  Supply Depot  
  66  5:04  SCV  
  66  5:05  SCV  
  66  5:06  Terran Infantry Weapons Level 1  
  68  5:11  Refinery  
  68  5:13  Marauder  
  70  5:22  SCV x2, Marine x2, Marauder  
  70  5:23  Supply Depot  
  70  5:28  Supply Depot, Concussive Shells  
  76  5:32  Medivac  
  78  5:42  Supply Depot  
  78  5:45  SCV x2, Marine x2, Medivac  
  78  5:46  Marine x2  
  78  5:48  Factory Reactor  
  86  5:57  SCV x2  
  86  6:06  Marauder x2  
  86  6:07  Marine x2  
  92  6:11  Command Center  
  92  6:16  Medivac x2  
  93  6:23  Barracks  
  93  6:24  Supply Depot, Barracks  
  93  6:25  SCV  
  94  6:27  Marine  
  94  6:28  Marine  
  94  6:30  Marine  
  94  6:31  Marine  
  98  6:36  Supply Depot, Widow Mine  
  98  6:38  Widow Mine  
  102  6:46  SCV x2  
  104  6:49  Marine x2, Marauder x2  
  104  6:53  Supply Depot  
  110  6:58  SCV  
  110  7:00  Terran Infantry Armor Level 1, Medivac  
  113  7:03  Medivac  
  113  7:05  SCV  
  113  7:07  Widow Mine  
  118  7:14  Barracks Tech Lab, Barracks Reactor  
  118  7:15  SCV, Widow Mine  
  121  7:17  Ghost Academy  
  121  7:20  Supply Depot  
  121  7:22  SCV  
  117  7:23  Marine  
  117  7:27  SCV  
  117  7:29  Marauder  
  121  7:34  Marauder  
  123  7:38  SCV  
  123  7:39  SCV  
  125  7:46  Orbital Command  
  125  7:54  Ghost x2  
  125  7:56  Ghost  
  133  8:01  SCV x2  
  133  8:03  Marine x3  
  133  8:05  Marine  
  138  8:10  Widow Mine x2  
  142  8:19  Viking  
  144  8:22  SCV  
  144  8:23  SCV  
  144  8:24  SCV, Marine x2  
  144  8:26  Marine  
  139  8:31  Marine  
  139  8:32  Marine, Marauder  
  143  8:35  Marine  
  129  8:42  Marine x2  
  129  8:44  Marine  
  129  8:47  SCV  
  129  8:48  SCV x2  
  111  8:49  Marine  
  111  8:50  Marine  
  111  8:52  Marine  
  111  8:54  Marauder  
  115  8:58  Medivac  
  115  8:59  Medivac  
  115  9:00  SCV  
  115  9:02  Widow Mine  
  122  9:03  Widow Mine  
  122  9:04  SCV x2  
  122  9:08  Marine x2  
  122  9:09  Marine x2  
  131  9:13  Ghost x2  
  136  9:17  Ghost  
  136  9:22  Supply Depot, SCV  
  140  9:26  Marine  
  140  9:27  Marine  
  140  9:29  Marine  
  140  9:30  Marine  
  134  9:32  Medivac  
  127  9:40  Widow Mine x2  
  127  9:42  Marauder  
  127  9:43  Marauder  
  127  9:44  Marine x2  
  133  9:46  Marine x2  
  133  9:47  Marine  
  133  9:52  Armory  
  136  9:56  Engineering Bay  
  136  9:58  Medivac  
  138  10:01  SCV x3  
  138  10:02  Marine x2  
  138  10:03  Marine, Widow Mine  
  138  10:04  Marauder, Widow Mine  
  150  10:07  Marine  
  150  10:10  Ghost  
  150  10:13  Supply Depot  
  150  10:14  Marine  
  155  10:19  Marine  
  155  10:20  Marine  
  151  10:22  Marauder  
  151  10:26  Marine  
  151  10:27  Marauder  
  156  10:31  Marine  
  154  10:37  Marine  
  154  10:38  Marine  
  154  10:39  Marauder  
  154  10:40  Widow Mine x2  
  151  10:43  Marauder  
  151  10:44  Marine  
  151  10:49  Marine, Marauder  
  154  10:55  Marine  
  151  10:59  Supply Depot, Marine, Ghost  
  151  11:00  Supply Depot  
  151  11:05  Marine, Marauder  
  151  11:07  Marine  
  151  11:09  Marine  
  151  11:13  Marine  
  151  11:17  Marine  
  153  11:22  Marine  
  153  11:25  Marine  
  155  11:27  Marauder, Viking x2  
  155  11:28  Marauder  
  155  11:31  Starport  
  163  11:36  Marine x2  
  163  11:37  Marauder  
  167  11:42  Marine  
  164  11:48  Marauder  
  156  11:54  Marine  
  156  11:55  Marauder  
  156  11:56  Marine x2  
  156  11:58  Marauder  
  156  11:59  Marine  
  152  12:06  Viking x2  
  154  12:09  Marauder  
  154  12:12  Marine  
  154  12:14  Marine x2  
  146  12:16  Marauder  
  146  12:17  Refinery  
  146  12:19  Command Center  
  146  12:22  Marine  
Tags
 
Add a new tag
Caveats
  • Supply blocks, unpowered buildings, or Contaminate may cause inaccurate times.
  • Supply counts are checked every 10 seconds.